 Dungeon Crawl Stone Soup version 0.29.0-4-gdea44cf6ec (webtiles) character file.

Game seed: 102053182923383557

831 qw the Cleaver (level 7, -5/41 HPs)
             Began as a Tengu Warper on Aug 28, 2022.
             Slain by a gnoll sergeant
             ... wielding a +0 spear
              (11 damage)
             ... on level 5 of the Dungeon.
             The game lasted 00:00:24 (4015 turns).

qw the Cleaver (Tengu Warper)                       Turns: 4015, Time: 00:00:25

Health: -5/41      AC:  8    Str: 14    XL:     7   Next: 98%
Magic:  11/11      EV:  8    Int: 13    God:
Gold:   202        SH:  0    Dex: 19    Spells: 10/10 levels left

rFire   + . .      SeeInvis .   Y - +0 war axe (freeze)
rCold   . . .      Faith    .   (no shield)
rNeg    . . .      Spirit   .   e - +0 chain mail
rPois   .          Reflect  .   (helmet restricted)
rElec   .          Harm     .   (no cloak)
rCorr   .          Rampage  .   (no gloves)
Will    .....                   (boots unavailable)
Stlth   ..........              (no amulet)
HPRegen 0.13/turn               i - +6 ring of dexterity
MPRegen 0.12/turn               m - ring of protection from fire

@: about to teleport, flying quickly and evasively, quick
A: beak, talons 3, nimble flight
a: no special abilities


You were on level 5 of the Dungeon.
You visited 1 branch of the dungeon, and saw 5 of its levels.

You collected 323 gold pieces.
You spent 121 gold pieces at shops.


Innate Abilities, Weirdness & Mutations

You have a beak for a mouth.
You have claws for feet.
Your magical nature lets you fly swiftly and evasively.


   Skills:
 - Level 3.5 Fighting
 + Level 8.5 Axes
 - Level 2.3 Throwing
 - Level 2.4 Armour
 - Level 2.1 Dodging
 - Level 2.0 Spellcasting
 - Level 2.4 Translocations


You had 10 spell levels left.
You didn't know any spells.
Your spell library contained the following spells:

 Spells                   Type           Power      Damage    Failure   Level
 Blink                    Tloc           14%        N/A       98%         2
 Gell's Gravitas          Tloc           7%         N/A       100%        3
 Lesser Beckoning         Tloc           7%         N/A       100%        3
 Teleport Other           Tloc           7%         N/A       100%        3
 Manifold Assault         Tloc           7%         N/A       100%        5

Inventory:

Hand Weapons
 k - a +0 whip
 Y - a +0 war axe of freezing (weapon)
Missiles
 c - 4 javelins (quivered)
 f - 6 boomerangs
Armour
 e - a +0 chain mail (worn)
Jewellery
 i - a +6 ring of dexterity (left hand)
 m - a ring of protection from fire (right hand)
Scrolls
 d - a scroll of identify
 g - a scroll of teleportation
Potions
 b - 2 potions of curing
 j - a potion of resistance

Dungeon Overview and Level Annotations

Branches:
Dungeon (5/15)             Temple (0/1) D:5

Altars:
Dithmenos
Makhleb
Qazlal
Ru
Zin

Shops:
D:1 :   D:2 :((!

Annotations:
D:2 1 runed translucent door, Crazy Yiuf


Message History

The gnoll barely misses you. The gnoll sergeant barely misses you.
You barely miss the gnoll. Your kick misses the gnoll.
The gnoll is heavily wounded.
You slash the gnoll! You freeze the gnoll.
You hit the gnoll sergeant but do no damage.
The gnoll sergeant hits you with a +0 spear.
You hit the gnoll but do no damage. You claw the gnoll.
Your peck misses the gnoll.
The gnoll is almost dead.
You hit the gnoll sergeant. You freeze the gnoll sergeant. You slash the gnoll!
You freeze the gnoll.
You kill the gnoll!
The gnoll closely misses you.
You hit the gnoll. You freeze the gnoll.
You kill the gnoll!
You hit the gnoll but do no damage.
You hit the gnoll sergeant but do no damage.
You hit the gnoll. You freeze the gnoll. The gnoll barely misses you.
The gnoll hits you with a +0 club.
The gnoll sergeant hits you with a +0 spear.
You barely miss the gnoll sergeant. You claw the gnoll sergeant.
Your peck misses the gnoll sergeant.
The gnoll sergeant is severely wounded.
You slash the gnoll! You freeze the gnoll.
You kill the gnoll!
You barely miss the gnoll. You hit the gnoll. You freeze the gnoll.
The gnoll hits you with a +0 whip. The gnoll barely misses you.
The gnoll sergeant hits you but does no damage.
You hit the gnoll sergeant but do no damage.
You punch the gnoll sergeant.
The gnoll sergeant is severely wounded.
You barely miss the gnoll. You hit the gnoll. You freeze the gnoll.
The gnoll hits you but does no damage. The gnoll hits you with a +0 club.
The gnoll sergeant hits you with a +0 spear.
4015 ||| READING 2 scrolls of teleportation.
As you read the scroll of teleportation, it crumbles to dust.
You feel strangely unstable. The gnoll barely misses you.
The gnoll closely misses you.
The gnoll sergeant hits you with a +0 spear!
You die...

..?.. ######...##.#.
..#..##.............
..................?.
....................
#.#..#...#........##
......#.#..#........
##....>...#...#.###
#..(#.#..#...#.#
#.$#)@g#.....# #
#...gg).......
#.##........### #
.....##### ......!
#........ ........##
..........


You could see a gnoll sergeant and 2 gnolls.

Vanquished Creatures
  Sigmund (D:2)
  An ice beast (D:3)
  2 ogres (D:4)
  2 necrophages
  An orc priest (D:4)
  An iguana (D:4)
  2 orc wizards (D:4)
  3 gnolls (D:5)
  5 adders
  A white imp (D:5)
  A worm (D:3)
  5 dart slugs
  4 orcs
  3 endoplasms (D:1)
  6 giant cockroaches
  4 goblins
  5 hobgoblins
  5 jackals
  5 quokkas
  8 ball pythons
  7 bats
  4 frilled lizards
  10 kobolds
  4 rats
90 creatures vanquished.

Vanquished Creatures (others)
  2 plants (D:1)
  3 toadstools (D:2)
5 creatures vanquished.

Grand Total: 95 creatures vanquished

Notes
Turn   | Place    | Note
-------+----------+-------------------------------------------
     0 | D:1      | qw the Tengu Warper began the quest for the Orb.
     0 | D:1      | Reached XP level 1. HP: 12/12 MP: 4/4
     0 | D:1      | 0 ||| qw: Version: 0.1-a-89-g26bdef1
     0 | D:1      | 0 ||| qw: Game counter: 703
     0 | D:1      | 0 ||| qw: Always use a shield: true
     0 | D:1      | 0 ||| qw: God list: Okawaru
     0 | D:1      | 0 ||| qw: Allow faded altars: false
     0 | D:1      | 0 ||| qw: Do Orc after D:15 true
     0 | D:1      | 0 ||| qw: Do second Lair branch before Depths: true
     0 | D:1      | 0 ||| qw: Lair rune preference: random
     0 | D:1      | 0 ||| qw: Plans: Normal
     0 | D:1      | 0 ||| PLANNING D:1-11
    86 | D:1      | Reached XP level 2. HP: 17/17 MP: 6/6
    98 | D:1      | Reached skill level 3 in Axes
   110 | D:1      | Found Gagh's Book Emporium.
   272 | D:1      | 272 ||| Stepping ~*~*~tactically~*~*~ (stealth).
   273 | D:1      | 273 ||| Stepping ~*~*~tactically~*~*~ (stealth).
   440 | D:1      | Reached XP level 3. HP: 21/21 MP: 7/7
   451 | D:1      | 451 ||| DROPPING +0 club.
   569 | D:1      | 569 ||| UPGRADING to +0 ring mail.
   579 | D:1      | 579 ||| DROPPING +0 leather armour.
   580 | D:1      | 580 ||| UPGRADING to +0 scale mail.
   590 | D:1      | 590 ||| DROPPING +0 ring mail.
   591 | D:1      | 591 ||| READING scroll labelled FEMUBU PAIXOP.
   592 | D:1      | 592 ||| READING scroll labelled NEWAHENOCUSK.
   593 | D:1      | 593 ||| READING scroll labelled ULIQA OVEIGG.
   594 | D:1      | 594 ||| READING scroll labelled IMAWUT PEOMEL.
   599 | D:1      | 599 ||| DROPPING scroll of blinking.
   653 | D:2      | Noticed Sigmund
   662 | D:2      | Reached skill level 4 in Axes
   686 | D:2      | 686 ||| Stepping ~*~*~tactically~*~*~ (hiding).
   727 | D:2      | Found Suyxerur's Distillery.
   730 | D:2      | 730 ||| BUYING 2 potions of curing (72 gold).
   730 | D:2      | Bought 2 potions of curing for 72 gold pieces
   730 | D:2      | 730 ||| SHOPLISTING 2 potions of haste (240 gold, have 13).
   730 | D:2      | 730 ||| SHOPLISTING potion of cancellation (96 gold, have
                  | 13).
   730 | D:2      | 730 ||| SHOPLISTING potion of curing (36 gold, have 13).
   730 | D:2      | 730 ||| SHOPLISTING potion of heal wounds (60 gold, have
                  | 13).
   907 | D:2      | 907 ||| Stepping ~*~*~tactically~*~*~ (hiding).
   924 | D:2      | Killed Sigmund
   925 | D:2      | Reached skill level 6 in Axes
   925 | D:2      | Reached XP level 4. HP: 18/26 MP: 8/8
   925 | D:2      | Gained mutation: Your magical nature lets you fly swiftly
                  | and evasively. [Tengu growth]
   925 | D:2      | Reached XP level 5. HP: 21/30 MP: 9/9
  1080 | D:2      | Found a stormy altar of Qazlal.
  1163 | D:2      | 1163 ||| Stepping ~*~*~tactically~*~*~ (hiding).
  1168 | D:2      | 1168 ||| Stepping ~*~*~tactically~*~*~ (hiding).
  1231 | D:2      | Found Okauntergh's Book Shoppe.
  1325 | D:2      | Found Hiaxum's Weapon Emporium.
  1355 | D:2      | Found Yhaneydgh's Weapon Emporium.
  1372 | D:2      | 1372 ||| BUYING +0 war axe (49 gold).
  1372 | D:2      | Bought a +0 war axe for 49 gold pieces
  1372 | D:2      | 1372 ||| SWAPPING to +0 war axe.
  1373 | D:2      | 1373 ||| DROPPING +0 hand axe.
  1396 | D:2      | Found a runed translucent door.
  1397 | D:2      | Noticed Crazy Yiuf
  1447 | D:2      | Identified the +2 robe of Moral Flaws {Regen+ Int+3}
  1565 | D:2      | 1565 ||| READING scroll labelled SEOMEJ KIGANE.
  1566 | D:2      | 1566 ||| DRINKING 2 dark potions.
  1601 | D:2      | 1601 ||| READING 3 scrolls of identify.
  1601 | D:2      | 1601 ||| IDENTIFYING brown potion
  1602 | D:2      | 1602 ||| READING 2 scrolls of identify.
  1602 | D:2      | 1602 ||| IDENTIFYING red potion
  1603 | D:2      | 1603 ||| DROPPING potion of lignification.
  1604 | D:2      | 1604 ||| DROPPING potion of brilliance.
  1689 | D:3      | Found a glowing silver altar of Zin.
  1722 | D:3      | Reached XP level 6. HP: 34/35 MP: 10/10
  1748 | D:3      | 1748 ||| Stepping ~*~*~tactically~*~*~ (stealth).
  1749 | D:3      | 1749 ||| Stepping ~*~*~tactically~*~*~ (stealth).
  2126 | D:3      | Noticed an ice beast
  2132 | D:3      | Killed an ice beast
  2133 | D:3      | Reached skill level 7 in Axes
  2536 | D:3      | 2536 ||| UPGRADING to +0 chain mail.
  2546 | D:3      | 2546 ||| DROPPING +0 scale mail.
  2582 | D:4      | 2582 ||| PLANNING SEWER
  2583 | D:4      | 2583 ||| STAIRDANCE
  2589 | D:4      | 2589 ||| STAIRDANCE
  2767 | D:4      | 2767 ||| STAIRDANCE
  2772 | D:4      | 2772 ||| STAIRDANCE
  2777 | D:4      | 2777 ||| STAIRDANCE
  2834 | D:4      | 2834 ||| Stepping ~*~*~tactically~*~*~ (stealth).
  2835 | D:4      | 2835 ||| Stepping ~*~*~tactically~*~*~ (stealth).
  2843 | D:4      | Reached XP level 7. HP: 21/40 MP: 11/11
  2849 | D:4      | 2849 ||| Stepping ~*~*~tactically~*~*~ (stealth).
  2852 | D:4      | 2852 ||| FLEEEEING.
  2853 | D:4      | 2853 ||| FLEEEEING.
  2854 | D:4      | 2854 ||| FLEEEEING.
  2861 | D:4      | 2861 ||| STAIRDANCE
  3059 | D:4      | 3059 ||| Stepping ~*~*~tactically~*~*~ (stealth).
  3061 | D:4      | 3061 ||| Stepping ~*~*~tactically~*~*~ (hiding).
  3095 | D:4      | Reached skill level 3 in Fighting
  3131 | D:4      | Found a shadowy altar of Dithmenos.
  3178 | D:4      | Identified the +1 robe of the Lumpy Xalams {Archmagi}
  3296 | D:4      | 3296 ||| RIP SEWER
  3312 | D:4      | 3312 ||| PLANNING D:1-11
  3361 | D:4      | Reached skill level 8 in Axes
  3372 | D:4      | HP: 10/41 [poisoned by an adder]
  3907 | D:4      | Found a burning altar of Makhleb.
  3907 | D:4      | Found a sacrificial altar of Ru.
  3921 | D:4      | 3921 ||| DROPPING +3 ring mail.
  3922 | D:4      | 3922 ||| UPGRADING to +6 ring of dexterity.
  3923 | D:4      | 3923 ||| UPGRADING to ring of protection from fire.
  3924 | D:4      | 3924 ||| READING scroll labelled YRUFIE OFACY.
  3925 | D:4      | 3925 ||| READING 3 scrolls of identify.
  3925 | D:4      | 3925 ||| IDENTIFYING glowing yellow potion
  3926 | D:4      | 3926 ||| READING 2 scrolls of identify.
  3926 | D:4      | 3926 ||| IDENTIFYING amethyst potion
  3927 | D:4      | 3927 ||| DROPPING potion of degeneration.
  3928 | D:4      | 3928 ||| DROPPING potion of invisibility.
  3953 | D:5      | Entered Level 5 of the Dungeon
  3953 | D:5      | Found a staircase to the Ecumenical Temple.
  3954 | D:5      | 3954 ||| PLANNING TEMPLE
  4014 | D:5      | HP: 7/41 [gnoll/+0 club[a gnoll sergeant] (4)]
  4015 | D:5      | 4015 ||| READING 2 scrolls of teleportation.
  4015 | D:5      | Slain by a gnoll sergeant

Levels and vault maps discovered:
D:1:      eino_arrival_druids_welcome, layout_basic, serial_shops, shop,
          minmay_fountain_box, minmay_misc_feat_four_crosses
D:2:      kennysheep_big_flooded_room, layout_basic, basic_altar, serial_shops,
          nicolae_shop_hallway_stairs, shop, nicolae_shop_crystal,
          nicolae_shop_bloodbath_and_beyond, minmay_gold_behind_fungi,
          uniq_sigmund, uniq_crazy_yiuf_cottage
D:3:      layout_loops_corners, mainiacjoe_overflow_tiny_flanked
D:4:      layout_cave_pools, mainiacjoe_overflow_paths,
          gammafunk_temple_overflow_elements, portal_sewer_entry_f
D:5:      layout_loops_cross, minmay_temple_entry_crystal_x

Skill      XL: |  1  2  3  4  5  6  7 |
---------------+----------------------+-----
Axes           | 3 6 7 8 |  8.5
Armour         | 2 |  2.4
Fighting       | 3 |  3.5
Throwing       | 2 |  2.3
Dodging        | |  2.1
Spellcasting   | |  2.0
Translocations | |  2.4

Action                   |  1- 3 |  4- 6 |  7- 9 || total
-------------------------+-------+-------+-------++-------
Melee: Hand axe          |    53 |     6 |       ||    59
       Peck              |     7 |    12 |     9 ||    28
       Kick              |    11 |    13 |    11 ||    35
       War axe           |       |    47 |    65 ||   112
       Punch             |       |       |     1 ||     1
Throw: Boomerang         |    36 |       |       ||    36
       Javelin           |       |    32 |    18 ||    50
  Use: Scroll            |     4 |     3 |     4 ||    11
       Potion            |       |     1 |       ||     1
Armor: Leather armour    |     6 |       |       ||     6
       Scale mail        |     8 |     5 |       ||    13
       Chain mail        |       |    13 |    30 ||    43
Dodge: Dodged            |    27 |    30 |    28 ||    85

Table legend:
 A = Non-vault XP
 B = Vault XP
 C = Vault XP percentage of total XP
 D = Non-vault monster count
 E = Vault monster count
 F = Vault count percentage of total count
                 A         B        C        D         E       F
            +---------+---------+-------+---------+---------+-------
      Total |     931 |     257 |  21.6 |      81 |       9 |  10.0
            +---------+---------+-------+---------+---------+-------
        D:1 |      35 |       0 |   0.0 |      22 |       0 |   0.0
        D:2 |      29 |     245 |  89.4 |       9 |       3 |  25.0
        D:3 |     270 |       2 |   0.7 |      19 |       1 |   5.0
        D:4 |     446 |      10 |   2.2 |      25 |       5 |  16.7
        D:5 |     151 |       0 |   0.0 |       6 |       0 |   0.0
            +---------+---------+-------+---------+---------+-------
